 Dungeon Crawl Stone Soup version 0.29-a0-23-ga79f92ac9c (webtiles) character file.

Game seed: 14484672889599758391

31 arthad the Blocker (level 3, 0/28 HPs)
             Began as a Gnoll Wanderer on Jan 31, 2022.
             Slain by Sigmund (10 damage)
             ... on level 2 of the Dungeon.
             The game lasted 00:03:07 (1288 turns).

arthad the Blocker (Gnoll Wanderer)                 Turns: 1288, Time: 00:03:07

Health: 0/28       AC:  6    Str: 12    XL:     3   Next: 22%
Magic:  3/7        EV: 10    Int: 10    God:
Gold:   52         SH:  0    Dex: 13    Spells: 6/7 levels left

rFire   . . .      SeeInvis .   a - +0 dagger
rCold   . . .      Faith    .   e - +0 buckler {AC+3}
rNeg    . . .      Spirit   .   d - +0 leather armour
rPois   .          Reflect  .   (no helmet)
rElec   .          Harm     .   (no cloak)
rCorr   .          Rampage  .   (no gloves)
Will    .....                   (no boots)
Stlth   +.........              (no amulet)
HPRegen 0.09/turn               (no ring)
MPRegen 0.10/turn               (no ring)

@: confused, flying
A: fangs 1, strong nose, distributed training
a: no special abilities


You were on level 2 of the Dungeon.
You visited 1 branch of the dungeon, and saw 2 of its levels.

You collected 52 gold pieces.

Inventory:

Hand Weapons
 a - a +0 dagger (weapon)
Missiles
 c - 73 stones
Armour
 d - a +0 leather armour (worn)
 e - a +0 buckler of protection (worn)
Wands
 b - a wand of flame (23)
Scrolls
 f - 2 scrolls of enchant weapon {unknown}
 i - a scroll of immolation {unknown}
 j - 2 scrolls of identify {unknown}


   Skills:
 + Level 2.6 Fighting
 + Level 0.7 Short Blades
 + Level 0.7 Long Blades
 + Level 0.7 Axes
 + Level 0.7 Maces & Flails
 + Level 0.7 Polearms
 + Level 0.7 Staves
 + Level 0.7 Slings
 + Level 0.7 Bows
 + Level 0.7 Crossbows
 + Level 0.7 Throwing
 + Level 2.6 Armour
 + Level 0.7 Dodging
 + Level 0.7 Stealth
 + Level 8.5 Shields
 + Level 0.7 Unarmed Combat
 + Level 2.8 Spellcasting
 + Level 0.5 Conjurations
 + Level 0.5 Hexes
 + Level 0.5 Summonings
 + Level 0.5 Necromancy
 + Level 0.5 Translocations
 + Level 0.5 Transmutations
 + Level 0.5 Fire Magic
 + Level 0.5 Ice Magic
 + Level 0.5 Air Magic
 + Level 2.1 Earth Magic
 + Level 0.5 Poison Magic
 + Level 2.6 Invocations
 + Level 2.6 Evocations


You had 6 spell levels left.
You knew the following spells:

 Your Spells              Type           Power      Damage    Failure   Level
a - Sandblast             Erth           10%        2d5       19%         1

Your spell library contained the following spells:

 Spells                   Type           Power      Damage    Failure   Level
 Ensorcelled Hibernation  Hex/Ice        4%         N/A       50%         2
 Stone Arrow              Conj/Erth      8%         3d7       63%         3
 Excruciating Wounds      Necr           1%         N/A       100%        5
 Death Channel            Necr           1%         N/A       100%        6


Dungeon Overview and Level Annotations

Branches:
Dungeon (2/15)

Altars:

Shops:
D:1 [

Annotations:
D:2 Sigmund


Innate Abilities, Weirdness & Mutations

You have very sharp teeth.
Your uncanny sense of smell can sniff out nearby items.
Your experience applies equally to all skills.


Message History

No target in view!
No target in view!
No target in view!
No target in view!
No target in view!
No target in view!
No target in view!
No target in view!
No target in view!
No target in view!
No target in view!
No target in view!
No target in view!
You miss something. Something hits you.
You hit something but do no damage. Something hits you!
* * * LOW HITPOINT WARNING * * *
You miss something. Something hits you.
* * * LOW HITPOINT WARNING * * *
You feel better.
It was a potion of flight.
You feel very buoyant.
You fly up into the air.
You hear some strange, mumbled words.
A magic dart appears from out of thin air!
The magic dart hits you.
You hit something but do no damage.
You hear some strange, mumbled words.
Something tries to affect you, but you resist.
You hit something. You block something's attack.
You miss something.
You hear some strange, mumbled words.
You are confused.
You are too confused!
You aren't carrying any potions.
Unknown command.
You barely miss something.
You hear some strange, mumbled words.
Something tries to affect you, but you resist.
Something hits you!
You die...

∆
+..####..#
.# #8.#
#...##.#
....#
#.#..#.#
#.####
#.##.#.#
...
#.##.#.#
###
###.##.#.#
....##.#.##
#........#
#.###{.@.#
#......$).#
#####....##
.....##
####.>#
.... ####


There were no monsters in sight!

Vanquished Creatures
  A dart slug (D:1)
  An endoplasm (D:1)
  A giant cockroach (D:1)
  7 goblins
  3 hobgoblins (D:1)
  5 kobolds (D:1)
  A quokka (D:1)
  2 ball pythons (D:1)
  4 bats
  A frilled lizard (D:1)
  A rat (D:1)
27 creatures vanquished.

Notes
Turn   | Place    | Note
-------+----------+-------------------------------------------
     0 | D:1      | arthad the Gnoll Wanderer began the quest for the Orb.
     0 | D:1      | arthad set off with the following items: a +0 dagger, a
                  | wand of flame (5), 32 stones, a +0 leather armour, a +0
                  | buckler of protection; and the following spell memorised:
                  | Sandblast; and the following spells available to memorise:
                  | Stone Arrow
     0 | D:1      | Reached XP level 1. HP: 17/17 MP: 4/4
   323 | D:1      | Reached XP level 2. HP: 20/23 MP: 5/5
   921 | D:1      | Reached XP level 3. HP: 21/28 MP: 7/7
  1006 | D:1      | Found Vosuluts's Armour Shop.
  1213 | D:2      | Got Zaeririh's Compendium of the Ghastly Glacier
  1240 | D:2      | Noticed Sigmund
  1288 | D:2      | Slain by Sigmund

Illustrated notes

Levels and vault maps discovered:
D:1:      arrival_zaba_pyramid, layout_rooms, serial_shops, nicolae_shop_stone
D:2:      layout_basic, dreamdust_ecumenical_altar_angels_and_demons,
          uniq_sigmund

Skill      XL: |  1 |
---------------+----+-----
Earth Magic    | 2 |  2.1
Fighting       | |  2.6
Short Blades   | |  0.7
Long Blades    | |  0.7
Axes           | |  0.7
Maces & Flails | |  0.7
Polearms       | |  0.7
Staves         | |  0.7
Slings         | |  0.7
Bows           | |  0.7
Crossbows      | |  0.7
Throwing       | |  0.7
Armour         | |  2.6
Dodging        | |  0.7
Stealth        | |  0.7
Shields        | |  8.5
Unarmed Combat | |  0.7
Spellcasting   | |  2.8
Conjurations   | |  0.5
Hexes          | |  0.5
Summonings     | |  0.5
Necromancy     | |  0.5
Translocations | |  0.5
Transmutations | |  0.5
Fire Magic     | |  0.5
Ice Magic      | |  0.5
Air Magic      | |  0.5
Poison Magic   | |  0.5
Invocations    | |  2.6
Evocations     | |  2.6

Action                   || total
-------------------------++-------
Melee: Dagger            ||   159
       Bite              ||    18
 Cast: Sandblast         ||     7
  Use: Potion            ||     3
Armor: Leather armour    ||    50
Dodge: Dodged            ||    74
Block: Buckler           ||    40

Table legend: (Time is in decaauts)
 A = Elapsed time spent in this place.
 B = Non-inter-level travel time spent in this place.
 C = Inter-level travel time spent in this place.
 D = Time resting spent in this place.
 E = Time spent auto-exploring this place.
 F = Levels seen in this place.
 G = Mean time per level.
                   A        B        C        D        E       F      G
               +--------+--------+--------+--------+--------+-----+--------+
         Total |   1290 |   1286 |      4 |     69 |    947 |   2 |  645.0 |
       Dungeon |   1290 |   1286 |      4 |     69 |    947 |   2 |  645.0 |
               +--------+--------+--------+--------+--------+-----+--------+

Top non-repeatable levels by time:
     D:1: 1196 daAuts
     D:2: 93 daAuts
